 Dungeon Crawl Stone Soup version 0.29.1-2-gbd0b4ee654 (webtiles) character file.

Game seed: 6412956023358649712

289 Goreval the Magician (level 6, -4/36 HPs)
             Began as an Octopode Hedge Wizard on Nov 16, 2022.
             Slain by an iguana (5 damage)
             ... on level 5 of the Dungeon.
             The game lasted 00:12:29 (4871 turns).

Goreval the Magician (Octopode Hedge Wizard)        Turns: 4871, Time: 00:12:29

Health: -4/36      AC:  3    Str:  9    XL:     6   Next: 31%
Magic:  3/11       EV: 13    Int: 18    God:
Gold:   279        SH:  0    Dex: 12    Spells: 3/12 levels left

rFire   . . .      SeeInvis .   a - +0 dagger
rCold   + . .      Faith    .   (no shield)
rNeg    . . .      Spirit   .   b - +0 hat
rPois   .          Reflect  .   (no amulet)
rElec   .          Harm     .   (no ring)
rCorr   .          Rampage  .   (no ring)
Will    .....      Clarity  +   (no ring)
Stlth   +++.......              (no ring)
HPRegen 0.12/turn               (no ring)
MPRegen 0.12/turn               (no ring)
                                (no ring)
                                (no ring)

@: very slightly contaminated
A: almost no armour, amphibious, 8 rings, camouflage 1, gelatinous body 1,
(nimble swimmer 1), tentacles, iridescent scales 1, clarity, cold resistance 1
a: no special abilities


You were on level 5 of the Dungeon.
You visited 1 branch of the dungeon, and saw 5 of its levels.

You collected 279 gold pieces.

Inventory:

Hand Weapons
 a - a +0 dagger (weapon)
Missiles
 n - a throwing net
Armour
 b - a +0 hat (worn)
Scrolls
 d - 4 scrolls of teleportation {unknown}
 e - 6 scrolls of identify {unknown}
 f - 2 scrolls of butterflies {unknown}
 h - a scroll of vulnerability {unknown}
 i - 2 scrolls of torment {unknown}
 l - a scroll of blinking {unknown}
 o - a scroll of immolation {unknown}
 p - a scroll of poison {unknown}
Potions
 c - a potion of magic
 g - a potion of invisibility {unknown}
 j - a potion of flight {unknown}
 k - a potion of might {unknown}
 m - 2 potions of curing
 q - a potion of lignification {unknown}


   Skills:
 + Level 3.3 Dodging
 - Level 2.6 Stealth
 + Level 3.8 Spellcasting
 * Level 3.8 Conjurations
 + Level 2.8 Summonings
 - Level 1.0 Translocations


You had 3 spell levels left.
You knew the following spells:

 Your Spells              Type           Power      Damage    Failure   Level
a - Magic Dart            Conj           68%        1d6       3%          1
b - Conjure Flame         Conj/Fire      10%        6-21      21%         3
n - Blink                 Tloc           14%        N/A       16%         2
t - Slow                  Hex            12%        N/A       16%         1
z - Call Imp              Summ           13%        N/A       7%          2

Your spell library contained the following spells:

 Spells                   Type           Power      Damage    Failure   Level
 Mephitic Cloud           Conj/Pois/Air  8%         N/A       26%         3


Dungeon Overview and Level Annotations

Branches:
Dungeon (5/15)
 Temple: D:4-7

Altars:
Hepliaklqana
Trog
Xom


Innate Abilities, Weirdness & Mutations

You cannot wear most types of armour.
You are amphibious.
You can wear up to eight rings at the same time.
Your skin changes colour to match your surroundings (Stealth+).
Your rubbery body absorbs attacks. (AC +1, EV +1)
((You are camouflaged when in or above water. (Stealth+)))
You have tentacles for arms and can constrict up to eight enemies at once.
You are partially covered in iridescent scales. (AC +2)
You possess an exceptional clarity of mind.
Your flesh is cold resistant. (rC+)


Message History

Your crimson imp is burned by acid!
Aim: a jelly (almost dead, not watching you, ally target, 100% to hit)
The magic dart hits the jelly.
You kill the jelly!
The iguana bites you.
Your crimson imp hits the iguana but does no damage.
Aim: an iguana (ally target, 100% to hit)
The magic dart hits the iguana.
The iguana bites you!
Your crimson imp hits the iguana but does no damage.
Aim: an iguana (moderately wounded, ally target, 100% to hit)
You miscast Magic Dart.
You are very lightly contaminated with residual magic.
Nothing appears to happen.
The iguana barely misses you.
Your crimson imp hits the iguana.
Aim: an iguana (moderately wounded, ally target, 100% to hit)
The magic dart hits the iguana.
The iguana bites you!
Your crimson imp hits the iguana but does no damage.
Aim: an iguana (severely wounded, ally target, 100% to hit)
The magic dart hits the iguana.
The iguana barely misses you.
Your crimson imp misses the iguana.
Aim: an iguana (severely wounded, ally target, 100% to hit)
The magic dart hits the iguana but does no damage.
The iguana bites you.
* * * LOW HITPOINT WARNING * * *
Your crimson imp barely misses the iguana.
You closely miss the iguana. You grab the iguana.
You squeeze the iguana, but do no damage.
You constrict the iguana, but do no damage.
The iguana bites you!
* * * LOW HITPOINT WARNING * * *
Your crimson imp barely misses the iguana.
You hit the iguana but do no damage. Your squeeze misses the iguana.
You constrict the iguana, but do no damage.
The iguana misses you.
Your crimson imp hits the iguana but does no damage.
You hit the iguana but do no damage. You constrict the iguana.
The iguana bites you.
You die...

#.<.########....#
#..........#.###.#
#...####.....# .
..............###
..
o....<..........#..
..
................#.#
.#
####...##.#.....#.#
.#
#..........#.#.#.#
#...##.##.....@5#
#. #.##.##l# #. #.#
.# .. ... .# ##
.#.# .# ..... .. ..
#.. .# ##. ### ♣♣


You could see an iguana (ally target) and a friendly crimson imp (summoned).

Vanquished Creatures
  A scorpion (D:5)
  A jelly (D:5)
  A gnoll (D:4)
  2 adders
  A shadow imp (D:5)
  2 worms
  A dart slug (D:2)
  3 orcs
  3 ball pythons (D:1)
  4 endoplasms
  4 giant cockroaches
  5 goblins
  3 hobgoblins
  2 jackals (D:2)
  7 quokkas
  4 bats
  4 frilled lizards
  4 kobolds
  A rat (D:1)
53 creatures vanquished.

Vanquished Creatures (collateral kills)
  Natasha (twice) (D:4)
  2 gnolls (D:4)
  An adder (D:4)
  A shadow imp (D:4)
  A worm (D:2)
  A dart slug (D:4)
  2 orcs (D:5)
  A spectral orc (D:3)
11 creatures vanquished.

Vanquished Creatures (others)
  A wizard (D:3)
1 creature vanquished.

Grand Total: 65 creatures vanquished

Notes
Turn   | Place    | Note
-------+----------+-------------------------------------------
     0 | D:1      | Goreval the Octopode Hedge Wizard began the quest for the
                  | Orb.
     0 | D:1      | Reached XP level 1. HP: 11/11 MP: 4/4
   241 | D:1      | Reached XP level 2. HP: 17/17 MP: 6/6
   244 | D:1      | Learned a level 2 spell: Call Imp
   247 | D:1      | Learned a level 2 spell: Blink
   249 | D:1      | Learned a level 1 spell: Slow
   583 | D:1      | Found a faded altar of an unknown god.
  1138 | D:2      | Reached XP level 3. HP: 16/21 MP: 4/7
  2417 | D:2      | Reached XP level 4. HP: 27/27 MP: 2/8
  2727 | D:3      | Found a hazy altar of Hepliaklqana.
  2929 | D:3      | Found a bloodstained altar of Trog.
  2931 | D:3      | Noticed a wizard
  2937 | D:3      | Killed a wizard
  3101 | D:3      | Learned a level 3 spell: Conjure Flame
  3304 | D:4      | Found a radiant altar of Vehumet.
  3315 | D:4      | Found an ornate altar of the Wu Jian Council.
  3315 | D:4      | Found an iron altar of Okawaru.
  3317 | D:4      | Found an ornate altar of the Wu Jian Council.
  3317 | D:4      | Found a blossoming altar of Fedhas.
  3317 | D:4      | Found a shimmering altar of Xom.
  3626 | D:4      | Noticed Natasha
  3634 | D:4      | Killed Natasha
  3635 | D:4      | Reached XP level 5. HP: 30/31 MP: 7/10
  3667 | D:4      | Identified the +0 robe of Kolucw {Str+3 Int+3}
  4244 | D:4      | Noticed Natasha
  4250 | D:4      | Killed Natasha
  4339 | D:5      | Entered Level 5 of the Dungeon
  4576 | D:5      | Gained mutation: Your body sometimes deteriorates upon
                  | taking damage. [potion of mutation]
  4576 | D:5      | Gained mutation: Your muscles are strong. (Str +4, Int/Dex
                  | -1) [potion of mutation]
  4576 | D:5      | Gained mutation: You possess an exceptional clarity of
                  | mind. [potion of mutation]
  4576 | D:5      | Gained mutation: You are partially covered in iridescent
                  | scales. (AC +2) [potion of mutation]
  4584 | D:5      | Reached XP level 6. HP: 17/36 MP: 2/11
  4743 | D:4      | Lost mutation: Your body sometimes deteriorates upon taking
                  | damage. [potion of mutation]
  4743 | D:4      | Lost mutation: You are partially covered in iridescent
                  | scales. (AC +2) [potion of mutation]
  4743 | D:4      | Lost mutation: Your muscles are strong. (Str +4, Int/Dex
                  | -1) [potion of mutation]
  4743 | D:4      | Gained mutation: Your flesh is cold resistant. (rC+)
                  | [potion of mutation]
  4743 | D:4      | Gained mutation: You are partially covered in iridescent
                  | scales. (AC +2) [potion of mutation]
  4869 | D:5      | HP: 1/36 [iguana (7)]
  4871 | D:5      | Slain by an iguana

Illustrated notes

Levels and vault maps discovered:
D:1:      minmay_arrival_three_doors, layout_rooms,
          hellmonk_ecumenical_altar_zigzags, nrook_mini_vaults
D:2:      layout_rooms
D:3:      layout_loops_cross, nicolae_hepliaklqana_monster_ancestors,
          trog_wizard
D:4:      layout_loops_corners, doesnt_xom_only_xom, uniq_natasha
D:5:      layout_loops_cross, mainiacjoe_overflow_six_doors_small, serial_shops,
          shop_fountains

Skill      XL: |  1  2  3  4  5 |
---------------+----------------+-----
Conjurations   | 2 3 |  3.8
Summonings     | 2 |  2.8
Dodging        | 3 |  3.3
Stealth        | |  2.6
Spellcasting   | |  3.8
Translocations | |  1.0

Action                   |  1- 3 |  4- 6 || total
-------------------------+-------+-------++-------
Melee: Dagger            |    55 |    44 ||    99
       Tentacles         |    11 |    16 ||    27
       Constrict         |    11 |    12 ||    23
       Punch             |       |     1 ||     1
Throw: Throwing net      |       |     1 ||     1
 Cast: Magic Dart        |    54 |    28 ||    82
       Call Imp          |     2 |    12 ||    14
       Blink             |       |     1 ||     1
  Use: Potion            |       |     5 ||     5
 Stab: Sleeping          |     7 |     4 ||    11
Armor: Skin              |     7 |     5 ||    12
Dodge: Dodged            |    34 |    31 ||    65
